 Dungeon Crawl Stone Soup version 0.21.1-1-g345015f (webtiles) character file.

3834 tidbits the Covert (level 10, -6/77 HPs)
             Began as a Gnoll Assassin on Mar 29, 2018.
             Was a Priest of Cheibriados.
             Mangled by an orc warrior
             ... wielding a +0 war axe
              (9 damage)
             ... on level 1 of the Orcish Mines.
             The game lasted 00:29:25 (1953 turns).

tidbits the Covert (Gnoll Assassin)                 Turns: 1953, Time: 00:29:25

Health: -6/77      AC:  9    Str: 22    XL:     10   Next: 18%
Magic:  17/17      EV: 16    Int: 25    God:    Cheibriados [***...]
Gold:   218        SH:  0    Dex: 27    Spells: 18/18 levels left

rFire    . . .     SeeInvis .   a - +1 dagger (venom)
rCold    . . .     Gourm    .   (no shield)
rNeg     + . .     Faith    +   B - +2 ring mail {rN+}
rPois    .         Spirit   .   (no helmet)
rElec    .         Reflect  .   C - +0 cloak
rCorr    .         Harm     .   (no gloves)
MR       .....                  (no boots)
Stlth    ++++......             j - amulet of faith
HPRegen  0.22/turn              z - +3 ring of dexterity
MPRegen  0.15/turn              (no ring)

@: very slow
A: distributed training, fangs 1, strong nose
a: Bend Time, Temporal Distortion, Renounce Religion


You were on level 1 of the Orcish Mines.
You worshipped Cheibriados.
Cheibriados was most pleased with you.
You were not hungry.

You visited 3 branches of the dungeon, and saw 12 of its levels.
You also visited: Sewer.

You collected 264 gold pieces.
You spent 46 gold pieces at shops.

Inventory:

Hand Weapons
 a - a +1 dagger of venom (weapon)
   (You took it off an orc wizard on level 8 of the Dungeon)
 b - a +3 trident of freezing
   (You took it off a wight on level 7 of the Dungeon)
 i - a +2 trident of holy wrath
   (You took it off an orc warrior on level 2 of the Orcish Mines)
 m - a +3 whip
 p - a +0 rapier
 r - a +0 whip of electrocution
   (You took it off an orc on level 2 of the Orcish Mines)
 v - a +0 morningstar
 A - a +0 blowgun
 E - a +2 dagger
 F - a +0 hand axe
 H - a cursed -3 war axe
Missiles
 e - 20 tomahawks (quivered)
 f - 31 arrows
 o - 2 throwing nets {!f}
 w - 17 stones
Armour
 c - a +0 robe
 n - a +0 ring mail
 y - a +0 shield
 B - a +2 ring mail of positive energy (worn)
   (You took it off an orc on level 8 of the Dungeon)
 C - a +0 cloak (worn)
 G - a +1 robe of positive energy
   (You took it off an orc sorcerer on level 1 of the Orcish Mines)
Jewellery
 j - an amulet of faith (around neck)
   (You found it on level 7 of the Dungeon)
 z - a +3 ring of dexterity (left hand)
   (You found it on level 6 of the Dungeon)
Wands
 d - a wand of polymorph (10)
 l - a wand of iceblast (6)
 x - a wand of flame (14)
Scrolls
 s - 3 scrolls of teleportation
 D - a scroll of remove curse
Potions
 h - 2 potions of curing
 k - a potion of flight {unknown}
 q - a potion of degeneration {unknown}
 u - a potion of magic
Comestibles
 g - 5 rations
 t - 3 chunks of flesh


   Skills:
 + Level 6.8 Fighting
 + Level 6.8 Short Blades
 + Level 4.9 Long Blades
 + Level 4.9 Axes
 + Level 4.9 Maces & Flails
 + Level 4.9 Polearms
 + Level 4.9 Staves
 + Level 4.9 Slings
 + Level 4.9 Bows
 + Level 4.9 Crossbows
 + Level 6.8 Throwing
 + Level 4.9 Armour
 + Level 5.6 Dodging
 + Level 9.3 Stealth
 + Level 4.9 Shields
 + Level 4.9 Unarmed Combat
 + Level 4.9 Spellcasting
 + Level 4.1 Conjurations
 + Level 4.1 Hexes
 + Level 4.1 Charms
 + Level 4.1 Summonings
 + Level 4.1 Necromancy
 + Level 4.1 Translocations
 + Level 4.1 Transmutations
 + Level 4.1 Fire Magic
 + Level 4.1 Ice Magic
 + Level 4.1 Air Magic
 + Level 4.1 Earth Magic
 + Level 4.1 Poison Magic
 + Level 5.4 Invocations
 + Level 4.9 Evocations


You had 18 spell levels left.
You didn't know any spells.

Dungeon Overview and Level Annotations

Branches:
Dungeon (9/15)             Temple (1/1) D:4             Orc (2/2) D:9
   Lair: D:8-11         Elf: Orc:2

Altars:
Cheibriados
Elyvilon
Fedhas
Gozag
Hepliaklqana
Kikubaaqudgha
Makhleb
Nemelex Xobeh
Sif Muna
Trog
Uskayaw
Vehumet
Wu Jian
Xom
The Shining One

Shops:
D:5 *   D:8 *

Annotations:
D:5 Totori's ghost, novice DrEE
D:9 Joseph


Innate Abilities, Weirdness & Mutations

Your experience applies equally to all skills.
You have very sharp teeth.
Your uncanny sense of smell can sniff out nearby items.


Message History

Press: ? - help, Shift-Dir - straight line, f - orc
Aim: an orc, wielding a flail and wearing a ring mail You throw a tomahawk.
The tomahawk barely misses the orc.
Throwing (i - inventory. (,) - cycle):
e - 14 tomahawks (quivered)
Press: ? - help, Shift-Dir - straight line, f/p - orc
Aim: an orc, wielding a flail and wearing a ring mail You throw a tomahawk.
The tomahawk hits the orc.
The orc is almost dead.
You hit the orc but do no damage.
The orc is poisoned.
The orc is almost dead.
The orc barely misses you.
You hit the orc but do no damage.
The orc looks as sick as possible!
You bite the orc, but do no damage.
The orc is almost dead.
You kill the orc!
Cheibriados thoroughly appreciates the change of pace.
Things that are here:
a flail; a ring mail; a tomahawk
e - 14 tomahawks (gained 1)
Items here: ( ) [ † a trident of holy wrath; a plate armour; 2 throwing nets {!f}; an orc corpse
Okay, then.
You butcher the orc corpse.
Items here: % ( ) [ ÷ a trident of holy wrath; a plate armour; 2 throwing nets {!f} 4 chunks of flesh; an orc skeleton
i - a trident of holy wrath;
o - 2 throwing nets {!f};
t - 4 chunks of flesh Eat one of 4 chunks of flesh? (ye/n/q)
You eat one of the 4 chunks of flesh.
This raw flesh tastes terrible.
Things that are here:
a club; a leather armour; an orc corpse
Things that are here:
a tomahawk; a giant club; an ogre corpse
e - 15 tomahawks (gained 1)
You see here a tomahawk.
e - 16 tomahawks (gained 1)
You see here a tomahawk.
e - 17 tomahawks (gained 1)
You see here 2 tomahawks.
Unknown command.
e - 19 tomahawks (gained 2)
Items here: ( ) [ † a tomahawk; a mace; a ring mail; an orc corpse
e - 20 tomahawks (gained 1)
There is a stone staircase leading up, spattered with blood here.
You climb upwards.
Found 47 gold pieces.
There is a stone staircase leading down here.
Unknown command.
An orc comes into view.
Found an escape hatch in the floor. 3 orcs and an orc warrior come into view.
The orc moves out of view.
Unknown command.
The helpless orc fails to defend itself.
You spit the orc like a pig!!!!
You kill the orc!
Cheibriados appreciates the change of pace.
An orc priest and an orc wizard come into view.
You see here an orc corpse.
A gnoll comes into view. It is wielding a whip.
The orc warrior shouts!
The orc shouts!
The orc priest shouts!
The orc shouts!
You hear a shout!
The orc wizard shouts!
The gnoll shouts!
You hear a shout! x4
The orc warrior hits you with a war axe!
* * * LOW HITPOINT WARNING * * *
The orc warrior closely misses you.
You hear a shout!
Found 26 gold pieces.
A gnoll, an orc, an orc warrior and an ogre come into view.
Okay, then.
Unknown command.
Okay, then.
Unknown command.
Unknown command.
You see here an orc corpse.
Evoke which item? (* to show all) (? for menu, Esc to quit)
Aiming: Iceblast
Press: ? - help, Shift-Dir - straight line The mass of ice explodes!
The iceblast engulfs the orc priest.
You kill the orc priest!
Cheibriados thoroughly appreciates the change of pace.
The iceblast engulfs the orc warrior.
The orc warrior is moderately wounded.
You hear a shout! x4
The orc warrior hits you with a war axe!!
* * * LOW HITPOINT WARNING * * *
The orc misses you. 2 orc wizards come into view.
Okay, then.
Okay, then.
Unknown command.
Okay, then.
Unknown command.
Okay, then.
Unknown command.
Okay, then.
Unknown command.
Unknown command.
The orc warrior hits you with a war axe!
You die...

##.... ...##
#....# ..>...
#....# ......
#...##......
#...#....# ##
#>......# ...
#......## ....
####.$...#
.o#..#.oo@#......
#.ooo)go##......
.#.#o.O## #....
#g.#..# ....
...o##...# $##
....# ##.... #
$... #O... #.∆
∆.....# # .#...#


You could see 2 orc warriors, an ogre, 2 orc wizards, 2 gnolls and 4 orcs.

Vanquished Creatures
  A two-headed ogre (Orc:2)
  An orc sorcerer (Orc:1)
  A warg (Orc:1)
  6 orc warriors
  6 ogres
  2 centaurs
  A bullfrog (D:9)
  A gnoll sergeant (D:6)
  A scorpion (D:5)
  A water moccasin skeleton (D:8)
  5 wights (D:7)
  A centaur zombie (D:8)
  A hound (D:7)
  A centaur skeleton (D:8)
  A jelly (D:5)
  12 orc wizards
  6 orc priests
  A bullfrog skeleton (D:5)
  An iguana (D:8)
  4 worker ants
  A hound zombie (D:5)
  4 gnolls (D:6)
  3 adders
  3 river rats
  An ooze (D:4)
  An adder skeleton (D:7)
  6 worms
  2 dart slugs
  A leopard gecko (D:4)
  44 orcs
  6 ball pythons (Sewer)
  A giant cockroach (D:5)
  4 jackals
  2 quokkas (D:9)
  4 bats
  3 frilled lizards (Sewer)
  A kobold (D:3)
  A quokka skeleton (D:5)
  6 rats
148 creatures vanquished.

Vanquished Creatures (others)
  An orc wizard (D:5)
1 creature vanquished.

Grand Total: 149 creatures vanquished

Notes
Turn   | Place    | Note
-------+----------+-------------------------------------------
     0 | D:1      | tidbits the Gnoll Assassin began the quest for the Orb.
     0 | D:1      | Reached XP level 1. HP: 20/20 MP: 1/1
    70 | D:2      | Found a hazy altar of Hepliaklqana.
    72 | D:2      | Found a burning altar of Makhleb.
    80 | D:2      | Reached XP level 2. HP: 25/26 MP: 2/2
   157 | D:4      | Found a staircase to the Ecumenical Temple.
   166 | Temple   | Entered the Ecumenical Temple
   171 | Temple   | Became a worshipper of Cheibriados the Contemplative
   279 | D:4      | Reached XP level 3. HP: 13/31 MP: 3/3
   377 | D:4      | Reached skill level 1 in Long Blades
   377 | D:4      | Reached skill level 1 in Axes
   377 | D:4      | Reached skill level 1 in Maces & Flails
   377 | D:4      | Reached skill level 1 in Polearms
   377 | D:4      | Reached skill level 1 in Staves
   377 | D:4      | Reached skill level 1 in Slings
   377 | D:4      | Reached skill level 1 in Bows
   377 | D:4      | Reached skill level 1 in Crossbows
   377 | D:4      | Reached skill level 1 in Armour
   377 | D:4      | Reached skill level 1 in Shields
   377 | D:4      | Reached skill level 1 in Unarmed Combat
   377 | D:4      | Reached skill level 1 in Spellcasting
   377 | D:4      | Reached skill level 1 in Invocations
   377 | D:4      | Reached skill level 1 in Evocations
   386 | D:4      | Reached XP level 4. HP: 21/38 MP: 3/5
   396 | D:4      | Reached skill level 1 in Conjurations
   396 | D:4      | Reached skill level 1 in Hexes
   396 | D:4      | Reached skill level 1 in Charms
   396 | D:4      | Reached skill level 1 in Summonings
   396 | D:4      | Reached skill level 1 in Necromancy
   396 | D:4      | Reached skill level 1 in Translocations
   396 | D:4      | Reached skill level 1 in Transmutations
   396 | D:4      | Reached skill level 1 in Fire Magic
   396 | D:4      | Reached skill level 1 in Ice Magic
   396 | D:4      | Reached skill level 1 in Air Magic
   396 | D:4      | Reached skill level 1 in Earth Magic
   396 | D:4      | Reached skill level 1 in Poison Magic
   446 | D:4      | Reached XP level 5. HP: 32/43 MP: 6/6
   539 | D:4      | Found a glowing drain.
   547 | Sewer    | Entered a sewer
   585 | Sewer    | Reached * piety under Cheibriados
   713 | Sewer    | Reached skill level 3 in Dodging
   887 | D:5      | Entered Level 5 of the Dungeon
   901 | D:5      | Reached skill level 8 in Stealth
   901 | D:5      | Reached skill level 2 in Invocations
   901 | D:5      | Reached XP level 6. HP: 34/50 MP: 8/8
   939 | D:5      | Reached ** piety under Cheibriados
   939 | D:5      | Reached skill level 5 in Fighting
   939 | D:5      | Reached skill level 5 in Short Blades
   939 | D:5      | Reached skill level 2 in Long Blades
   939 | D:5      | Reached skill level 2 in Axes
   939 | D:5      | Reached skill level 2 in Maces & Flails
   939 | D:5      | Reached skill level 2 in Polearms
   939 | D:5      | Reached skill level 2 in Staves
   939 | D:5      | Reached skill level 2 in Slings
   939 | D:5      | Reached skill level 2 in Bows
   939 | D:5      | Reached skill level 2 in Crossbows
   939 | D:5      | Reached skill level 5 in Throwing
   939 | D:5      | Reached skill level 2 in Armour
   939 | D:5      | Reached skill level 2 in Shields
   939 | D:5      | Reached skill level 2 in Unarmed Combat
   939 | D:5      | Reached skill level 2 in Spellcasting
   939 | D:5      | Reached skill level 2 in Evocations
   961 | D:5      | Found Ruunupp's Assorted Antiques.
   984 | D:5      | Bought a scroll labeled TAARGH UWKIETRIGA for 23 gold pieces
   984 | D:5      | Bought a scroll labeled ZELUNU URANAS for 23 gold pieces
  1074 | D:5      | Noticed Totori's ghost (novice DrEE)
  1077 | D:6      | Found a blossoming altar of Fedhas.
  1081 | D:6      | Reached XP level 7. HP: 30/56 MP: 10/10
  1120 | D:7      | Reached skill level 2 in Conjurations
  1120 | D:7      | Reached skill level 2 in Hexes
  1120 | D:7      | Reached skill level 2 in Charms
  1120 | D:7      | Reached skill level 2 in Summonings
  1120 | D:7      | Reached skill level 2 in Necromancy
  1120 | D:7      | Reached skill level 2 in Translocations
  1120 | D:7      | Reached skill level 2 in Transmutations
  1120 | D:7      | Reached skill level 2 in Fire Magic
  1120 | D:7      | Reached skill level 2 in Ice Magic
  1120 | D:7      | Reached skill level 2 in Air Magic
  1120 | D:7      | Reached skill level 2 in Earth Magic
  1120 | D:7      | Reached skill level 2 in Poison Magic
  1149 | D:7      | Reached skill level 3 in Invocations
  1161 | D:8      | Reached XP level 8. HP: 30/63 MP: 12/12
  1210 | D:9      | Noticed Joseph
  1228 | D:8      | Reached *** piety under Cheibriados
  1247 | D:8      | Found Gozag's Platinum Reserve.
  1249 | D:8      | Found an opulent altar of Gozag.
  1257 | D:8      | Reached skill level 4 in Dodging
  1264 | D:8      | Reached skill level 3 in Long Blades
  1264 | D:8      | Reached skill level 3 in Axes
  1264 | D:8      | Reached skill level 3 in Maces & Flails
  1264 | D:8      | Reached skill level 3 in Polearms
  1264 | D:8      | Reached skill level 3 in Staves
  1264 | D:8      | Reached skill level 3 in Slings
  1264 | D:8      | Reached skill level 3 in Bows
  1264 | D:8      | Reached skill level 3 in Crossbows
  1264 | D:8      | Reached skill level 3 in Armour
  1264 | D:8      | Reached skill level 3 in Shields
  1264 | D:8      | Reached skill level 3 in Unarmed Combat
  1264 | D:8      | Reached skill level 3 in Spellcasting
  1264 | D:8      | Reached skill level 3 in Evocations
  1552 | D:8      | Reached **** piety under Cheibriados
  1637 | D:9      | Found a staircase to the Orcish Mines.
  1660 | D:9      | Reached skill level 4 in Invocations
  1682 | Orc:1    | Entered Level 1 of the Orcish Mines
  1683 | Orc:1    | Reached skill level 3 in Conjurations
  1683 | Orc:1    | Reached skill level 3 in Hexes
  1683 | Orc:1    | Reached skill level 3 in Charms
  1683 | Orc:1    | Reached skill level 3 in Summonings
  1683 | Orc:1    | Reached skill level 3 in Necromancy
  1683 | Orc:1    | Reached skill level 3 in Translocations
  1683 | Orc:1    | Reached skill level 3 in Transmutations
  1683 | Orc:1    | Reached skill level 3 in Fire Magic
  1683 | Orc:1    | Reached skill level 3 in Ice Magic
  1683 | Orc:1    | Reached skill level 3 in Air Magic
  1683 | Orc:1    | Reached skill level 3 in Earth Magic
  1683 | Orc:1    | Reached skill level 3 in Poison Magic
  1683 | Orc:1    | Reached skill level 6 in Fighting
  1683 | Orc:1    | Reached skill level 6 in Short Blades
  1683 | Orc:1    | Reached skill level 6 in Throwing
  1683 | Orc:1    | Reached XP level 9. HP: 62/69 MP: 14/14
  1687 | Orc:1    | Noticed an orc sorcerer
  1689 | Orc:1    | Paralysed by an orc sorcerer for 7 turns
  1697 | Orc:1    | Killed an orc sorcerer
  1697 | Orc:1    | Reached skill level 4 in Long Blades
  1697 | Orc:1    | Reached skill level 4 in Axes
  1697 | Orc:1    | Reached skill level 4 in Maces & Flails
  1697 | Orc:1    | Reached skill level 4 in Polearms
  1697 | Orc:1    | Reached skill level 4 in Staves
  1697 | Orc:1    | Reached skill level 4 in Slings
  1697 | Orc:1    | Reached skill level 4 in Bows
  1697 | Orc:1    | Reached skill level 4 in Crossbows
  1697 | Orc:1    | Reached skill level 4 in Armour
  1697 | Orc:1    | Reached skill level 5 in Dodging
  1697 | Orc:1    | Reached skill level 4 in Shields
  1697 | Orc:1    | Reached skill level 4 in Unarmed Combat
  1697 | Orc:1    | Reached skill level 4 in Spellcasting
  1697 | Orc:1    | Reached skill level 4 in Evocations
  1756 | Orc:2    | Entered Level 2 of the Orcish Mines
  1759 | Orc:2    | Reached skill level 9 in Stealth
  1810 | Orc:2    | Noticed a two-headed ogre
  1824 | Orc:2    | Reached skill level 5 in Invocations
  1832 | Orc:2    | Killed a two-headed ogre
  1832 | Orc:2    | Reached skill level 4 in Conjurations
  1832 | Orc:2    | Reached skill level 4 in Hexes
  1832 | Orc:2    | Reached skill level 4 in Charms
  1832 | Orc:2    | Reached skill level 4 in Summonings
  1832 | Orc:2    | Reached skill level 4 in Necromancy
  1832 | Orc:2    | Reached skill level 4 in Translocations
  1832 | Orc:2    | Reached skill level 4 in Transmutations
  1832 | Orc:2    | Reached skill level 4 in Fire Magic
  1832 | Orc:2    | Reached skill level 4 in Ice Magic
  1832 | Orc:2    | Reached skill level 4 in Air Magic
  1832 | Orc:2    | Reached skill level 4 in Earth Magic
  1832 | Orc:2    | Reached skill level 4 in Poison Magic
  1832 | Orc:2    | Reached XP level 10. HP: 23/77 MP: 12/17
  1952 | Orc:1    | HP: 3/77 [orc warrior/war axe (20)]
  1953 | Orc:1    | Mangled by an orc warrior

Skill      XL: |  1  2  3  4  5  6  7  8  9 |
---------------+----------------------------+-----
Long Blades    | 1 2 3 4 |  4.9
Axes           | 1 2 3 4 |  4.9
Maces & Flails | 1 2 3 4 |  4.9
Polearms       | 1 2 3 4 |  4.9
Staves         | 1 2 3 4 |  4.9
Slings         | 1 2 3 4 |  4.9
Bows           | 1 2 3 4 |  4.9
Crossbows      | 1 2 3 4 |  4.9
Armour         | 1 2 3 4 |  4.9
Shields        | 1 2 3 4 |  4.9
Unarmed Combat | 1 2 3 4 |  4.9
Spellcasting   | 1 2 3 4 |  4.9
Invocations    | 1 2 3 4 5 |  5.4
Evocations     | 1 2 3 4 |  4.9
Conjurations   | 1 2 3 4 |  4.1
Hexes          | 1 2 3 4 |  4.1
Charms         | 1 2 3 4 |  4.1
Summonings     | 1 2 3 4 |  4.1
Necromancy     | 1 2 3 4 |  4.1
Translocations | 1 2 3 4 |  4.1
Transmutations | 1 2 3 4 |  4.1
Fire Magic     | 1 2 3 4 |  4.1
Ice Magic      | 1 2 3 4 |  4.1
Air Magic      | 1 2 3 4 |  4.1
Earth Magic    | 1 2 3 4 |  4.1
Poison Magic   | 1 2 3 4 |  4.1
Dodging        | 3 4 5 |  5.6
Stealth        | 8 9 |  9.3
Fighting       | 5 6 |  6.8
Short Blades   | 5 6 |  6.8
Throwing       | 5 6 |  6.8

Action                   |  1- 3 |  4- 6 |  7- 9 | 10-12 || total
-------------------------+-------+-------+-------+-------++-------
Melee: Dagger            |    40 |   125 |    21 |     7 ||   193
       Bite              |     4 |    16 |    16 |     2 ||    38
       Morningstar       |       |     8 |       |       ||     8
       Punch             |       |     1 |     2 |     1 ||     4
       Trident           |       |       |    70 |    15 ||    85
 Fire: Blowgun           |     8 |    31 |     2 |       ||    41
Throw: Stone             |       |     1 |     1 |       ||     2
       Tomahawk          |       |       |    17 |     8 ||    25
       Throwing net      |       |       |       |     2 ||     2
Invok: Slouch            |       |       |     3 |     1 ||     4
       Bend Time         |       |       |     1 |     1 ||     2
Evoke: Wand              |       |     1 |    23 |     3 ||    27
  Use: Potion            |       |     3 |       |     1 ||     4
       Scroll            |       |     1 |     8 |     2 ||    11
 Stab: Sleeping          |     5 |     5 |    14 |     1 ||    25
       Distracted        |       |       |     2 |       ||     2
  Eat: Chunk             |       |       |     2 |     1 ||     3
Armor: Robe              |     5 |    21 |       |       ||    26
       Ring mail         |       |       |    13 |     4 ||    17
Dodge: Dodged            |    16 |    83 |    46 |     9 ||   154

Table legend:
 A = Turns spent in this place as a percentage of turns spent in the entire game.
 B = Non-inter-level travel turns spent in this place as a percentage of non-inter-level travel turns spent in the entire game.
 C = Inter-level travel turns spent in this place as a percentage of turns spent in this place.
 D = Turns resting spent in this place as a percentage of non-inter-level travel turns spent in this place.
 E = Turns spent auto-exploring this place as a percentage of non-inter-level travel turns spent in this place.
 F = Non-inter-level travel turns spent in this place divided by the number of levels of this place that you've seen.
                   A       B       C       D       E      F
               +-------+-------+-------+-------+-------+----------------------
         Total | 100.0 | 100.0 |   0.6 |   0.0 |   0.0 | 149.3
       Dungeon |  73.3 |  73.1 |   0.8 |   0.0 |   0.0 | 157.7
        Temple |   0.6 |   0.6 |   0.0 |   0.0 |   0.0 |  11.0
  Orcish Mines |  13.9 |  14.0 |   0.0 |   0.0 |   0.0 | 135.5
         Sewer |  12.3 |  12.4 |   0.0 |   0.0 |   0.0 | 240.0
               +-------+-------+-------+-------+-------+----------------------

Table legend:
 A = Kills in this place as a percentage of kills in entire the game.
 B = Kills by you in this place as a percentage of kills by you in the entire game.
 C = Kills by friends in this place as a percentage of kills by friends in the entire game.
 D = Other kills in this place as a percentage of other kills in the entire game.
 E = Experience gained in this place as a percentage of experience gained in the entire game.
 F = Experience gained in this place divided by the number of levels of this place that you have seen.
                   A       B       C       D       E      F
               +-------+-------+-------+-------+-------+----------------------
         Total | 100.0 | 100.0 |   N/A | 100.0 | 100.0 | 421.4
       Dungeon |  67.8 |  67.6 |   N/A | 100.0 |  39.9 | 242.7
  Orcish Mines |  24.2 |  24.3 |   N/A |   0.0 |  59.4 | 1628.0
         Sewer |   8.1 |   8.1 |   N/A |   0.0 |   0.7 |  38.0
               +-------+-------+-------+-------+-------+----------------------

Vault maps used:
D:1:      dpeg_arrival_triangle_fractal, minivault_23
D:2:      nicolae_overflow_crystal_walls, old_standard_altar, lemuel_tele_altar
D:3:      nicolae_dithmenos_shadow_blocks, yredelemnul_forgotten_temple_becter,
          minmay_quantized, uniq_ijyb
D:4:      nicolae_ru_path_of_blood, minmay_temple_entry_crystal_x,
          lightli_sewer_entry_pipes, serial_shops, nicolae_shop_statue_plus,
          serial_park_tiny_2, abandoned_shop, uniq_robin
D:5:      overflow_temple_1_default, serial_shops,
          nicolae_shop_overgrown_old_shop, first_ration, minmay_misc_feat_tiny,
          minmay_ogre_servants
D:6:      evilmike_ruin_ashenzari, fedhas_altar_1, uniq_blork_the_orc
D:7:      zin_statuary
D:8:      minmay_flawed_box, nicolae_gozag_zags_fifth_avenue
D:9:      nicolae_qazlal_eye_of_the_storm, david_orc_3, grunt_pizzeria,
          minmay_lizard_king, uniq_joseph
Temple:   minmay_freezing_vapour_temple
Orc:2:    pubby_orc_utopia, serial_shops, uniq_rupert, uniq_azrael
Sewer:    sewer_co_cracked_pipes
